 Dungeon Crawl Stone Soup version 0.30.1-3-gfc49f6343a (webtiles) character file.

Game seed: 10784131863820269594

1639 Wiggles the Cleaver (level 8, -1/64 HPs)
             Began as a Minotaur Berserker on Aug 4, 2023.
             Was a Priest of Trog.
             Slain by a centaur (3 damage)
             ... on level 5 of the Dungeon.
             The game lasted 00:05:58 (4358 turns).

Wiggles the Cleaver (Minotaur Berserker)            Turns: 4358, Time: 00:05:58

Health: -1/64      AC:  9    Str: 30    XL:     8   Next: 66%
Magic:  0/7        EV:  9    Int:  4    God:    Trog [***...]
Gold:   232        SH:  0    Dex: 10    Spells: 7/7 levels left

rFire   . . .        t - +0 war axe (venom)
rCold   . . .        (no shield)
rNeg    . . .        o - +0 chain mail
rPois   .            (helmet restricted)
rElec   .            u - scarf {harm}
rCorr   .            (no gloves)
SInv    .            w - +0 pair of boots
Will    .....        c - amulet of guardian spirit Stlth
                     f - +6 ring of strength
HPRegen 0.30/turn    (no ring)
MPRegen 0.10/turn

%: harm (+30% outgoing, +20% incoming), guardian spirit
@: on berserk cooldown, slowed, very slow
A: horns 2, retaliatory headbutt
a: Renounce Religion, Berserk, Trog's Hand


You were on level 5 of the Dungeon.
You worshipped Trog.
Trog was most pleased with you.
You visited 1 branch of the dungeon, and saw 5 of its levels.

You collected 232 gold pieces.

Inventory:

Hand Weapons
 t - a +0 war axe of venom (weapon)
Armour
 o - a +0 chain mail (worn)
 u - a scarf of harm (worn)
 w - a +0 pair of boots (worn)
Jewellery
 c - an amulet of guardian spirit (around neck)
 f - a +6 ring of strength (left hand)
Scrolls
 g - 3 scrolls of identify {unknown}
 i - 5 scrolls of poison {unknown}
 k - a scroll of fog {unknown}
 l - a scroll of immolation {unknown}
 n - a scroll of amnesia {unknown}
 p - a scroll of teleportation {unknown}
 q - a scroll of blinking {unknown}
 s - a scroll of silence {unknown}
 x - a scroll of brand weapon {unknown}
Potions
 a - a potion of brilliance {unknown}
 b - 2 potions of lignification {unknown}
 d - 3 potions of curing {unknown}
 e - 2 potions of flight {unknown}
 h - 2 potions of magic {unknown}
 j - a potion of invisibility {unknown}
 m - a potion of degeneration {unknown}
 r - a potion of resistance {unknown}
 v - a potion of haste {unknown}
 z - a potion of might {unknown}


   Skills:
 - Level 3.6 Fighting
 + Level 13.0 Axes
 - Level 2.4 Armour
 - Level 2.1 Dodging
 + Level 2.4 Stealth


You had 7 spell levels left.
You didn't know any spells.
Your spell library was empty.

Dungeon Overview and Level Annotations

Branches:
Dungeon (5/15)             Temple (0/1) D:4

Altars:
Cheibriados
Okawaru
Ru
Sif Muna
Yredelemnul
Zin

Shops:
D:5 (


Innate Abilities, Weirdness & Mutations

You have a pair of horns on your head.
You reflexively headbutt those who attack you in melee.


Message History

You slice the iguana!!
You kill the iguana!
Trog accepts your kill.
You slash the ogre!
The ogre is poisoned.
The ogre is severely wounded.
You hit the sleepcap. You slice the ogre!!
You kill the ogre!
Trog accepts your kill.
You slash the sleepcap!
You feel the power of Trog in you as your rage grows.
You destroy the sleepcap!
Trog accepts your kill.
The centaur wields a +0 shortbow.
The centaur shoots an arrow.
The arrow hits you!
* * * LOW HITPOINT WARNING * * *
Your Axes skill increases to level 13!
The centaur unwields a +0 shortbow.
The centaur hits you but does no damage.
The centaur kicks you but does no damage.
Things that are here:
a +0 giant club; an ogre corpse; an iguana corpse You feel a strong urge to attack something.
The centaur closely misses you. You furiously retaliate!
You headbutt the centaur!
The centaur kicks you but does no damage.
Things that are here:
a +0 giant club; an ogre corpse; an iguana corpse You feel your anger nearly subside.
The centaur wields a +0 shortbow.
The centaur shoots an arrow.
The arrow hits you!
* * * LOW HITPOINT WARNING * * *
You are no longer berserk.
You are exhausted.
You feel yourself slow down.
The centaur unwields a +0 shortbow.
The centaur barely misses you. The centaur closely misses you.
Things that are here:
a +0 giant club; an ogre corpse; an iguana corpse The centaur hits you.
You die...

##..##
##........##
#..##
#.......##
..##
##.....#..#
###
###..#.###..#
# ...### #..#
#..### #..#
#...# #..#
####.#.###.##
#....@).)..#
#...###c###..#
# ..#o .#..#
#.# #..#..#
#.# O#.#..#
#:# l###...#
#.# .# ...# .#
.# ..#


You could see a centaur and an orc.

Vanquished Creatures
  A two-headed ogre (D:5)
  A black bear (D:5)
  3 ogres
  A phantom (D:5)
  4 scorpions
  A hound (D:5)
  A jelly (D:5)
  A gnoll bouda (D:5)
  A sleepcap (D:5)
  5 iguanas
  5 gnolls (D:5)
  2 adders
  A shadow imp (D:5)
  A white imp (D:5)
  An ufetubus (D:4)
  2 dart slugs
  3 orcs
  10 ball pythons
  5 bats
  7 endoplasms
  3 giant cockroaches
  2 goblins
  9 hobgoblins
  A quokka (D:2)
  3 frilled lizards
  10 kobolds
  6 rats
90 creatures vanquished.

Notes
Turn   | Place    | Note
-------+----------+-------------------------------------------
     0 | D:1      | Wiggles the Minotaur Berserker began the quest for the Orb.
     0 | D:1      | Reached XP level 1. HP: 19/19 MP: 0/0
    11 | D:1      | You fall into a shaft and drop 1 floor!
    97 | D:2      | Reached skill level 4 in Axes
   199 | D:1      | Reached XP level 2. HP: 23/26 MP: 1/1
   414 | D:1      | Reached skill level 5 in Axes
   467 | D:1      | Reached ** piety under Trog
   484 | D:1      | Reached XP level 3. HP: 31/31 MP: 2/2
  1144 | D:2      | Found a faded altar of an unknown god.
  1463 | D:2      | Reached XP level 4. HP: 10/39 MP: 0/3
  1638 | D:2      | Reached skill level 6 in Axes
  2029 | D:3      | Found a sacrificial altar of Ru.
  2035 | D:3      | Found a snail-covered altar of Cheibriados.
  2080 | D:3      | Found a basalt altar of Yredelemnul.
  2609 | D:3      | Found a shimmering blue altar of Sif Muna.
  2610 | D:3      | Found a glowing silver altar of Zin.
  2863 | D:4      | Noticed an ogre
  2877 | D:4      | Killed an ogre
  2878 | D:4      | Reached skill level 7 in Axes
  2878 | D:4      | Reached XP level 5. HP: 24/45 MP: 1/4
  3206 | D:4      | Found an iron altar of Okawaru.
  3350 | D:4      | Reached skill level 8 in Axes
  3350 | D:4      | Reached skill level 1 in Stealth
  3350 | D:4      | Reached XP level 6. HP: 48/51 MP: 5/5
  3561 | D:4      | Found a staircase to the Ecumenical Temple.
  3683 | D:5      | Entered Level 5 of the Dungeon
  3693 | D:5      | Reached skill level 9 in Axes
  3799 | D:5      | Reached XP level 7. HP: 9/57 MP: 0/6
  4022 | D:5      | Reached *** piety under Trog
  4025 | D:5      | Reached skill level 10 in Axes
  4271 | D:5      | Found Hocluania's Weapon Shop.
  4341 | D:5      | Noticed a two-headed ogre
  4349 | D:5      | Killed a two-headed ogre
  4350 | D:5      | Reached skill level 12 in Axes
  4350 | D:5      | Reached XP level 8. HP: 21/64 MP: 1/7
  4353 | D:5      | Reached skill level 13 in Axes
  4356 | D:5      | HP: 3/96 [centaur/arrow (8)]
  4358 | D:5      | Slain by a centaur

Illustrated notes

Levels and vault maps discovered:
D:1:      spicycebolla_arrival_risky_transporter, layout_loops_ring,
          roderic_filled_cross, minmay_misc_feat_tower
D:2:      layout_basic, hellmonk_ecumenical_altar_heavens_door
D:3:      layout_basic, cheibriados_altar_1, nicolae_ru_awakened_eye,
          nicolae_overflow_hidden_temple
D:4:      layout_loops_ring, okawaru_trees_1,
          minmay_temple_entry_enclosed_plants
D:5:      layout_cave_pods, mainiacjoe_overflow_boulevard, serial_shops,
          shop_fountains, minmay_manual_mail

Skill      XL: |  1  2  3  4  5  6  7  8 |
---------------+-------------------------+-----
Axes           | 4 5 7 8 9 12 13 | 13.0
Stealth        | 1 2 |  2.4
Fighting       | |  3.6
Armour         | |  2.4
Dodging        | |  2.1

Action                     |  1- 3 |  4- 6 |  7- 9 || total
---------------------------+-------+-------+-------++-------
  Melee: Hand axe          |    71 |    40 |       ||   111
         Punch             |     1 |       |       ||     1
         Headbutt          |    13 |    12 |     3 ||    28
         War axe           |       |    24 |    35 ||    59
 Invoke: Berserk           |       |     1 |     1 ||     2
 Armour: Animal skin       |     9 |       |       ||     9
         Leather armour    |    10 |       |       ||    10
         Ring mail         |     6 |       |       ||     6
         Scale mail        |     4 |     3 |       ||     7
         Chain mail        |       |    18 |    13 ||    31
  Dodge: Dodged            |    52 |    29 |    15 ||    96
